 Dungeon Crawl Stone Soup version 0.21.1-1-g345015f (webtiles) character file.

26560 poirepourri the Blocker (level 13, -1/80 HPs)
             Began as a Gargoyle Fighter on July 10, 2018.
             Was the Champion of Cheibriados.
             Slain by a death yak (10 damage)
             ... on level 3 of the Lair of Beasts.
             The game lasted 00:19:01 (15467 turns).

poirepourri the Blocker (Gargoyle Fighter)         Turns: 15467, Time: 00:19:02

Health: -1/80      AC: 22    Str: 38    XL:     13   Next: 26%
Magic:  13/13      EV: 15    Int: 29    God:    Cheibriados [******]
Gold:   1149       SH: 19    Dex: 28    Spells: 12/12 levels left

rFire    . . .     SeeInvis .   a - +5 flail
rCold    + . .     Gourm    .   c - +2 shield
rNeg     + . .     Faith    .   J - +0 scale mail
rPois    ∞         Spirit   .   v - +0 helmet
rElec    +         Reflect  .   B - scarf {cloud immunity}
rCorr    .         Harm     .   k - +2 pair of gloves {Str+3}
MR       .....                  q - +0 pair of boots
Stlth    +.........             (no amulet)
HPRegen  0.23/turn              D - +4 ring of intelligence
MPRegen  0.13/turn              G - ring of protection from cold

@: very slow
A: negative energy resistance 1, electricity resistance, unbreathing,
petrification resistance, rot immunity, AC +9
a: Bend Time, Temporal Distortion, Slouch, Step From Time, Renounce Religion


You were on level 3 of the Lair of Beasts.
You worshipped Cheibriados.
Cheibriados was exalted by your worship.
You were completely stuffed.

You visited 3 branches of the dungeon, and saw 14 of its levels.
You also visited: Bailey.

You collected 1149 gold pieces.

Inventory:

Hand Weapons
 a - a +5 flail (weapon)
 b - a +3 hand crossbow
Missiles
 n - 105 bolts
 u - 11 tomahawks (quivered)
 y - 6 tomahawks of dispersal
 A - 8 throwing nets
Armour
 c - a +2 shield (worn)
 k - a +2 pair of gloves of strength (worn)
 o - a scarf of resistance
 q - a +0 pair of boots (worn)
 v - a +0 helmet (worn)
 B - a scarf of cloud immunity (worn)
 J - a +0 scale mail (worn)
Jewellery
 D - a +4 ring of intelligence (left hand)
 G - a ring of protection from cold (right hand)
Wands
 d - a wand of flame (72)
 g - a wand of polymorph (25)
 r - a wand of acid (10)
 E - a wand of disintegration (16)
 I - a wand of scattershot (4)
Scrolls
 i - 6 scrolls of teleportation
 l - a scroll of fear
 p - 3 scrolls of remove curse
 K - a scroll of brand weapon {unknown}
Potions
 e - 2 potions of magic
 s - 3 potions of flight
 t - a potion of brilliance
 x - 2 potions of cancellation
 z - a potion of mutation
 H - a potion of curing
Books
 h - a book of Changes

   Spells                             Type                      Level
   a - Beastly Appendage              Transmutation                1
   b - Sticks to Snakes               Transmutation                2
   c - Spider Form                    Transmutation/Poison         3
   d - Ice Form                       Ice/Transmutation            4
   e - Blade Hands                    Transmutation                5
 m - a book of Maledictions

   Spells                             Type                      Level
   a - Corona                         Hexes                        1
   b - Ensorcelled Hibernation        Hexes/Ice                    2
   c - Confuse                        Hexes                        3
   d - Tukima's Dance                 Hexes                        3
   e - Dazzling Spray                 Conjuration/Hexes            3
 w - a book of Enchantments

   Spells                             Type                      Level
   a - Cause Fear                     Hexes                        4
   b - Yara's Violent Unravelling     Hexes/Transmutation          5
   c - Silence                        Hexes/Air                    5
   d - Deflect Missiles               Charms/Air                   6
   e - Discord                        Hexes                        8
 F - a book of Frost

   Spells                             Type                      Level
   a - Freeze                         Ice                          1
   b - Throw Frost                    Conjuration/Ice              2
   c - Ozocubu's Armour               Charms/Ice                   3
   d - Throw Icicle                   Conjuration/Ice              4
   e - Summon Ice Beast               Ice/Summoning                4
Miscellaneous
 j - a phantom mirror
 C - a lamp of fire
Comestibles
 f - 25 rations


   Skills:
 - Level 9.0 Fighting
 - Level 14.1 Maces & Flails
 - Level 4.0 Armour
 - Level 4.3 Dodging
 + Level 14.8 Shields


You had 12 spell levels left.
You didn't know any spells.

Dungeon Overview and Level Annotations

Branches:
Dungeon (10/15)            Temple (1/1) D:7            Lair (3/6) D:10
  Swamp (0/4) Lair:3        Snake (0/4) Lair:2
    Orc: D:9-12

Altars:
Ashenzari
Cheibriados
Dithmenos
Elyvilon
Fedhas
Gozag
Hepliaklqana
Kikubaaqudgha
Makhleb
Nemelex Xobeh
Okawaru
Qazlal
Ru
Sif Muna
Trog
Uskayaw
Vehumet
Wu Jian
Xom
Yredelemnul
Zin
The Shining One

Shops:
D:6 :


Innate Abilities, Weirdness & Mutations

You are resistant to torment.
Your stone body is resilient. (AC +9)
You are immune to poison.
You resist negative energy. (rN+)
You are resistant to electric shocks. (rElec)
You can survive without breathing.
You are immune to petrification.
You are immune to rotting.


Message History

You fail to use your ability.
You block the death yak's attack.
You completely miss the death yak.
The death yak is severely wounded.
The death yak gores you!! The death yak closely misses you.
You thump the death yak!
The death yak is almost dead.
The death yak gores you!
* * * LOW HITPOINT WARNING * * *
You block the death yak's attack.
Unknown command.
As you read the scroll of fear, it crumbles to dust.
You assume a fearsome visage.
The death yak easily resists.
The death yak looks frightened!
The death yak barely misses you.
Unknown command.
Okay, then.
Okay, then.
You barely miss the death yak.
The death yak is severely wounded.
The death yak gores you!
You die...

.......#+..#####.#.# ##..##
......#......# #..## #..###
##...#.......###>P# ###.#.#.
#####..#...#.#[#..# #....... ##
##.#.⌠.#.....## ####.#.#. .#
#.#...#.##.=##### #.....<..
'#####.#.....##.##.#.####..#.#.#.
.....##.....##.†#................
.....'##....#...@Y.##.#.#..#.#.#.
....###.....##.##.#######........
..⌠.##...#...#..⌠Y## #..#.#.#.
.............#..†..# ###......
⌠.<..+...⌠...+..>.⌠# ##†#.#.
..†..#.............# #..####
..⌠.## #..#[.#.⌠.## #....# ####.#
...#.##### ####.# ..# ..#. ##.#


You could see 2 death yaks.

Vanquished Creatures
  3 hydras
  5 two-headed ogres
  A death yak (Lair:3)
  The ghost of beigtais the Thaumaturge, a novice DsWz of Vehumet (D:10)
  Nergalle (Lair:1)
  Pikel (D:8)
  A cyclops (D:9)
  3 spiny frogs
  3 komodo dragons
  A queen bee (Lair:3)
  A troll (D:10)
  3 polar bears (Lair:3)
  Grinder (D:4)
  3 blink frogs (Lair:2)
  5 hippogriffs
  A spriggan (D:8)
  22 yaks
  A wyvern (D:10)
  Grum (D:10)
  The ghost of flestrin the Sneak, an amateur NaEn (D:3)
  4 nagas (Lair:2)
  13 water moccasins
  7 porcupines
  2 orc warriors
  An ice beast (D:6)
  A sky beast (D:8)
  A hornet zombie (D:8)
  A black bear (D:4)
  2 phantoms
  4 ogres
  6 wolves
  4 centaurs
  6 crocodiles
  5 big kobolds
  8 gnoll sergeants (Bailey)
  10 bullfrogs
  A wyvern skeleton (D:10)
  3 scorpions
  A water moccasin skeleton (D:9)
  39 killer bees
  5 howler monkeys
  An electric eel (Lair:1)
  A crimson imp (D:5)
  6 hounds
  A bullfrog zombie (D:7)
  14 orc wizards
  2 centaur zombies
  2 jellies
  A centaur skeleton (D:2)
  6 gnoll shamans (Bailey)
  8 orc priests
  4 iguanas
  13 hell rats (Lair:2)
  3 worker ants
  2 hound zombies
  2 hound skeletons
  Robin (D:4)
  23 gnolls
  10 adders
  13 river rats (Lair:2)
  4 shadow imps
  2 adder skeletons
  A worm (D:2)
  A dart slug (D:4)
  3 leopard geckos
  32 orcs
  3 ball pythons
  5 bats
  5 giant cockroaches
  22 goblins
  9 hobgoblins
  8 jackals
  16 kobolds
  9 quokkas
  3 frilled lizards
  2 leopard gecko zombies
  14 rats
435 creatures vanquished.

Vanquished Creatures (collateral kills)
  An orc (D:4)
1 creature vanquished.

Vanquished Creatures (others)
  4 slaves (D:8)
  A killer bee (D:8)
  2 jackals (D:8)
  5 kobolds (D:8)
  4 fungi
  11 plants
27 creatures vanquished.

Grand Total: 463 creatures vanquished

Notes
Turn   | Place    | Note
-------+----------+-------------------------------------------
     0 | D:1      | poirepourri the Gargoyle Fighter began the quest for the Orb.
     0 | D:1      | Reached XP level 1. HP: 14/14 MP: 1/1
   475 | D:1      | Reached XP level 2. HP: 18/19 MP: 2/2
   744 | D:1      | Reached XP level 3. HP: 23/23 MP: 3/3
  1672 | D:2      | Reached XP level 4. HP: 21/28 MP: 4/4
  2242 | D:3      | Reached skill level 5 in Maces & Flails
  2242 | D:3      | Reached XP level 5. HP: 32/32 MP: 5/5
  2487 | D:3      | Noticed flestrin's ghost (amateur NaEn)
  2497 | D:3      | Killed flestrin's ghost
  2497 | D:3      | Reached skill level 5 in Fighting
  2497 | D:3      | Reached XP level 6. HP: 38/40 MP: 6/6
  2978 | D:4      | Noticed Robin
  3368 | D:4      | Reached XP level 7. HP: 40/44 MP: 7/7
  3840 | D:4      | Found a shadowy altar of Dithmenos.
  3998 | D:4      | Noticed Grinder
  4007 | D:4      | Paralysed by Grinder for 2 turns
  4012 | D:4      | Paralysed by Grinder for 6 turns
  4018 | D:4      | HP: 1/44 [Grinder (8)]
  4021 | D:4      | Paralysed by Grinder for 2 turns
  4029 | D:4      | Paralysed by Grinder for 2 turns
  4032 | D:4      | Killed Grinder
  4032 | D:4      | Reached XP level 8. HP: 23/49 MP: 8/8
  4378 | D:4      | Killed Robin
  4757 | D:5      | Entered Level 5 of the Dungeon
  5115 | D:5      | Found a glowing silver altar of Zin.
  5241 | D:5      | Found an opulent altar of Gozag.
  5511 | D:6      | Found Guinal's Book Emporium.
  5794 | D:6      | Reached skill level 10 in Maces & Flails
  5904 | D:6      | Reached XP level 9. HP: 36/54 MP: 9/9
  6096 | D:6      | Found a sparkling altar of Nemelex Xobeh.
  6402 | D:7      | Found a staircase to the Ecumenical Temple.
  6425 | Temple   | Entered the Ecumenical Temple
  6492 | Temple   | Became a worshipper of Cheibriados the Contemplative
  6703 | D:7      | Found a flagged portal.
  6724 | Bailey   | Entered a bailey
  6795 | Bailey   | Reached * piety under Cheibriados
  7531 | D:7      | Reached XP level 10. HP: 40/61 MP: 10/10
  7600 | D:7      | Reached ** piety under Cheibriados
  7772 | D:8      | Found a glowing silver altar of Zin.
  7791 | D:8      | Noticed Pikel
  7824 | D:8      | Killed Pikel
  8360 | D:8      | Reached *** piety under Cheibriados
  8721 | D:8      | Noticed a two-headed ogre
  8728 | D:8      | Killed a two-headed ogre
  8910 | D:9      | Noticed a two-headed ogre
  8919 | D:9      | Noticed a two-headed ogre
  9397 | D:9      | Found a radiant altar of Vehumet.
  9403 | D:9      | Killed a two-headed ogre
  9403 | D:9      | Reached XP level 11. HP: 56/71 MP: 11/11
  9463 | D:9      | Killed a two-headed ogre
  9865 | D:9      | Found a blossoming altar of Fedhas.
  9882 | D:9      | Reached **** piety under Cheibriados
  9889 | D:9      | Reached skill level 1 in Dodging
 10091 | D:10     | Entered Level 10 of the Dungeon
 10129 | D:10     | Found a staircase to the Lair.
 10129 | D:10     | Noticed a seven-headed hydra
 10144 | D:10     | Killed a seven-headed hydra
 10315 | D:10     | Noticed beigtais's ghost (novice DsWz)
 10337 | D:10     | Killed beigtais's ghost
 10495 | D:10     | Noticed a two-headed ogre
 10510 | D:10     | Killed a two-headed ogre
 10510 | D:10     | Reached skill level 5 in Shields
 10766 | D:10     | Noticed a two-headed ogre
 10786 | D:10     | Killed a two-headed ogre
 11031 | D:10     | Found a shimmering altar of Xom.
 11112 | D:10     | Reached ***** piety under Cheibriados
 11320 | D:10     | Noticed Grum
 11320 | D:10     | Noticed a cyclops
 11342 | D:9      | Killed a cyclops
 11363 | D:10     | Killed Grum
 11363 | D:10     | Reached XP level 12. HP: 72/76 MP: 12/12
 11802 | Lair:1   | Entered Level 1 of the Lair of Beasts
 12147 | Lair:1   | Noticed Nergalle
 12160 | Lair:1   | Killed Nergalle
 12160 | Lair:1   | Reached skill level 10 in Shields
 13338 | Lair:2   | Noticed a seven-headed hydra
 13349 | Lair:2   | Killed a seven-headed hydra
 13575 | Lair:2   | Found a staircase to the Snake Pit.
 13925 | Lair:2   | Reached ****** piety under Cheibriados
 14379 | Lair:3   | Noticed a four-headed hydra
 14394 | Lair:2   | Killed a four-headed hydra
 14779 | Lair:3   | Found a staircase to the Swamp.
 14957 | Lair:3   | Reached XP level 13. HP: 72/80 MP: 13/13
 15467 | Lair:3   | Slain by a death yak

Skill      XL: |  1  2  3  4  5  6  7  8  9 10 11 12 13 |
---------------+----------------------------------------+-----
Maces & Flails | 3 4 5 7 10 12 13 14 | 14.1
Fighting       | 5 6 9 |  9.0
Shields        | 4 8 13 14 | 14.8
Armour         | 4 |  4.0
Dodging        | 4 |  4.3

Action                   |  1- 3 |  4- 6 |  7- 9 | 10-12 | 13-15 || total
-------------------------+-------+-------+-------+-------+-------++-------
Melee: Flail             |   129 |   161 |   431 |   827 |   197 ||  1745
       Unarmed           |       |       |     9 |       |       ||     9
Invok: Bend Time         |       |       |     1 |       |       ||     1
  Use: Scroll            |     9 |     4 |     7 |    13 |     1 ||    34
       Potion            |       |       |    10 |     2 |     1 ||    13
 Stab: Invisible         |       |       |     7 |       |       ||     7
  Eat: Ration            |     1 |     2 |     4 |     3 |     3 ||    13
Armor: Scale mail        |   106 |    95 |   288 |   357 |    63 ||   909
Dodge: Dodged            |    56 |    50 |   155 |   341 |   118 ||   720
Block: Shield            |    94 |   104 |   359 |   772 |   287 ||  1616
